AoeStats
← 礁溪羅志祥

Arena

510948424Analyzed
2v2 RM · 8h ago on Oct 3, 2026· 52m 0s· 4 players
Game mode
Random Map
Map size
Medium (4 player)
Population
200
Speed
Normal
Resources
Standard
Victory
Conquest
Starting age
Dark Age
Ending age
Imperial Age
RankedLock teamsTeams togetherTeam positionsShared explorationLock speedFull tech treeHidden civsTurbo modeCheats
Victory
Defeat
🇲🇽 Sicilians · Mexico
1214
+13
🇲🇽 Cumans · Mexico
1214
+14
🇹🇼 Persians · Taiwan
1174
-14
🇩🇪 Mongols · Germany
1151
-13
SoldieR
10:25 Feudal Age
14:28 Castle Age
12:29 Double-Bit Axe
13:59 Loom
23:29 Fletching
24:01 Ballistics
26:23 Bodkin Arrow
26:29 Padded Archer Armor
27:42 Bow Saw
29:29 Gold Mining
30:17 Wheelbarrow
29:25 Horse Collar
36:03 Imperial Age
35:07 Gold Shaft Mining
34:58 Leather Archer Armor
35:38 Bloodlines
36:04 Husbandry
36:51 Bracer
38:06 Chemistry
40:53 Hand Cart
41:21 Conscription
44:08 Siege Engineers
44:26 Conscription
46:15 Scale Mail Armor
46:25 Forging
45:40 Elite Skirmisher
46:30 Thumb Ring
45:48 Pikeman
46:28 Squires
47:18 Chain Mail Armor
48:43 Iron Casting
49:40 Plate Mail Armor
礁溪羅志祥
9:43 Feudal Age
10:32 Feudal Age
11:24 Double-Bit Axe
12:10 Horse Collar
16:01 Castle Age
30:36 Loom
31:05 Loom
Jorge el glorioso maton
9:03 Feudal Age
9:19 Loom
20:51 Castle Age
33:24 Imperial Age
31:14 Horse Collar
32:02 Double-Bit Axe
33:56 Scale Barding Armor
34:02 Forging
36:45 Chain Barding Armor
37:57 Iron Casting
38:06 Bloodlines
41:27 Blast Furnace
40:20 Cavalier
43:13 Plate Barding Armor
47:30 Bow Saw
47:22 Heavy Plow
48:53 Wheelbarrow
48:33 Gold Mining
52:44 Crop Rotation
53:18 Two-Man Saw
iSlayerXtrem
6:54 Loom
9:23 Feudal Age
10:35 Double-Bit Axe
12:00 Scale Mail Armor
13:24 Forging
22:23 Castle Age
21:34 Fletching
21:44 Padded Archer Armor
22:31 Wheelbarrow
25:01 Bodkin Arrow
25:22 Leather Archer Armor
28:23 Gold Mining
33:11 Hand Cart
39:57 Imperial Age
40:03 Heavy Mounted Crossbowman
40:50 Bracer
40:19 Crossbowman
40:49 Elite Skirmisher
41:16 Arbalester
45:38 Chemistry
45:13 Ballistics
47:31 Iron Casting
47:02 Scale Barding Armor
47:55 Gold Shaft Mining
47:10 Stone Mining
47:08 Town Watch
47:46 Bow Saw
49:24 Conscription
50:23 Town Patrol
52:04 Blast Furnace
51:24 Chain Barding Armor
Connection lost

Rejoining the realm…

Still unreachable

The connection could not be restored.

Session expired

The server has moved on; the page needs a fresh start.